 Dungeon Crawl Stone Soup version 0.26-a0-602-gd42a14c23b (webtiles) character file.

Game seed: 17914360340855797182

53 Krehm the Vandal (level 4, -3/30 HPs)
             Began as a Halfling Hunter on Aug 31, 2020.
             Slain by a gnoll
             ... wielding a +0 halberd
              (8 damage)
             ... on level 1 of the Dungeon.
             The game lasted 00:06:47 (1213 turns).

Krehm the Vandal (Halfling Hunter)                  Turns: 1213, Time: 00:06:48

Health: -3/30      AC:  4    Str: 14    XL:     4   Next: 10%
Magic:  4/4        EV: 15    Int:  9    God:
Gold:   164        SH:  0    Dex: 14    Spells: 3/3 levels left

rFire    . . .     SeeInvis .   h - +0 dagger (venom)
rCold    . . .     Faith    .   (shield restricted)
rNeg     . . .     Spirit   .   c - +0 leather armour
rPois    .         Reflect  .   (no helmet)
rElec    .         Harm     .   g - +0 cloak
rCorr    .                      (no gloves)
MR       .....                  (no boots)
Stlth    ++........             (no amulet)
HPRegen  0.10/turn              (no ring)
MPRegen  0.09/turn              (no ring)

@: no status effects
A: small, mutation resistance 1
a: no special abilities


You were on level 1 of the Dungeon.
You visited 1 branch of the dungeon, and saw 2 of its levels.

You collected 164 gold pieces.

Inventory:

Hand Weapons
 a - a +1 hunting sling
 h - a +0 dagger of venom (weapon)
 n - a +0 whip of distortion
Missiles
 b - 20 stones (quivered)
 d - 33 sling bullets
 j - 31 arrows
Armour
 c - a +0 leather armour (worn)
 e - a +0 chain mail
 g - a +0 cloak (worn)
Scrolls
 f - 3 scrolls of fear {unknown}
 i - a scroll of enchant weapon {unknown}
 l - 3 scrolls of amnesia {unknown}
 m - 2 scrolls of remove curse {unknown}
Potions
 k - a potion of curing {unknown}


   Skills:
 + Level 2.4 Fighting
 + Level 0.4 Short Blades
 + Level 6.4 Slings
 + Level 3.0 Dodging
 + Level 1.7 Stealth


You had 3 spell levels left.
You didn't know any spells.
Your spell library contained the following spells:

 Spells                   Type           Power        Failure   Level
 Beastly Appendage        Tmut           #.....       45%         1
 Magic Dart               Conj           #...         45%         1
 Blink                    Tloc           N/A          61%         2
 Call Imp                 Summ           #.......     61%         2
 Slow                     Hex            #.......     61%         2
 Wereblood                Tmut           #.......     61%         2
 Conjure Flame            Conj/Fire      #.......     83%         3
 Mephitic Cloud           Conj/Pois/Air  #.......     83%         3
 Spider Form              Tmut/Pois      #.........   83%         3
 Ice Form                 Ice/Tmut       #.......     99%         4
 Blade Hands              Tmut           #.........   100%        5


Dungeon Overview and Level Annotations

Branches:
Dungeon (2/15)

Altars:


Innate Abilities, Weirdness & Mutations

You are small and have problems with some larger weapons.
You are somewhat resistant to further mutation.


Message History

The gnoll shouts!
You hear a shout! x2
Things that are here:
a stone; a dart slug corpse You see here a stone.
You shoot a stone. The stone completely misses the gnoll.
The gnoll hits you from afar with a +0 halberd.
Things that are here:
a stone; a dart slug corpse You shoot a stone.
The stone hits the gnoll but does no damage.
Your +0 dagger of venom begins to drip with poison!
h - a +0 dagger of venom (weapon)
The gnoll hits you from afar with a +0 halberd!
You hit the gnoll but do no damage. The gnoll hits you with a +0 halberd!
* * * LOW HITPOINT WARNING * * *
You hit the gnoll.
The gnoll is poisoned.
The gnoll is lightly wounded.
The gnoll barely misses you.
The gnoll hits you from afar with a +0 halberd!
You die...

##############
#............#
#.####.#####.#
#....#.......# ########
#.........##.# #......#
#....#.##)##.#####.####.#
#.#....##.@........# #.#
#......(g....##########.###
#####..#####.# #.....)
#........# #.#.###
####.######## #.#.###
#.....((# #.#..## #.....#g#
#.##.## #.....#.# #.##..#
#.......( #.#....


You could see a gnoll (very poisoned).

Vanquished Creatures
  An adder (D:2)
  An ooze (D:1)
  A worm (D:2)
  3 dart slugs (D:1)
  2 leopard geckos
  6 goblins
  2 hobgoblins (D:1)
  4 kobolds
  3 bats (D:1)
  4 frilled lizards (D:1)
  2 rats (D:1)
29 creatures vanquished.

Notes
Turn   | Place    | Note
-------+----------+-------------------------------------------
     0 | D:1      | Krehm the Halfling Hunter began the quest for the Orb.
     0 | D:1      | Reached XP level 1. HP: 14/14 MP: 1/1
   156 | D:1      | Reached skill level 6 in Slings
   156 | D:1      | Reached XP level 2. HP: 16/19 MP: 2/2
   617 | D:1      | You fall into a shaft and drop 1 floor!
   640 | D:2      | Reached XP level 3. HP: 14/24 MP: 3/3
  1164 | D:1      | Reached XP level 4. HP: 30/30 MP: 4/4
  1213 | D:1      | Slain by a gnoll

Illustrated notes

Levels and vault maps discovered:
D:1:      minmay_arrival_plants_in_alcoves, layout_loops_cross, st_stairs_5
D:2:      layout_basic, kennysheep_slug_shrine

Skill      XL: |  1  2  3 |
---------------+----------+-----
Fighting       | 2 |  2.4
Slings         | 6 |  6.4
Dodging        | 3 |  3.0
Short Blades   | |  0.4
Stealth        | |  1.7

Action                   |  1- 3 |  4- 6 || total
-------------------------+-------+-------++-------
Melee: Short sword       |    36 |       ||    36
       Dagger            |       |     2 ||     2
 Fire: Hunting sling     |    64 |     4 ||    68
Armor: Leather armour    |     9 |       ||     9
Dodge: Dodged            |    26 |     1 ||    27

Table legend: (Time is in decaauts)
 A = Elapsed time spent in this place.
 B = Non-inter-level travel time spent in this place.
 C = Inter-level travel time spent in this place.
 D = Time resting spent in this place.
 E = Time spent auto-exploring this place.
 F = Levels seen in this place.
 G = Mean time per level.
                   A        B        C        D        E       F      G
               +--------+--------+--------+--------+--------+-----+--------+
         Total |   1206 |   1206 |      0 |    292 |    469 |   2 |  603.0 |
       Dungeon |   1206 |   1206 |      0 |    292 |    469 |   2 |  603.0 |
               +--------+--------+--------+--------+--------+-----+--------+

Top non-repeatable levels by time:
     D:1: 902 daAuts
     D:2: 304 daAuts
